 Dungeon Crawl Stone Soup version 0.30-a0-639-g3916f1956a (webtiles) character file.

Game seed: 12407635849529205011

4 tio the Grave Robber (level 1, 2/13 HPs)
             Began as a Demonspawn Necromancer on Jan 16, 2023.
             Got out of the dungeon alive.
             The game lasted 00:01:23 (101 turns).

tio the Grave Robber (Demonspawn Necromancer)        Turns: 101, Time: 00:01:24

Health: 2/13       AC:  2    Str:  8    XL:     1   Next: 58%
Magic:  1/3        EV: 12    Int: 16    God:
Gold:   0          SH:  0    Dex: 13    Spells: 3/4 levels left

rFire   . . .      SeeInvis .    (no weapon)
rCold   . . .      Faith    .    (no shield)
rNeg    . . .      Spirit   .    a - +0 robe
rPois   .          Reflect  .    (no helmet)
rElec   .          Harm     .    (no cloak)
rCorr   .          Rampage  .    (no gloves)
Will    .....                    (no boots)
Stlth   ++                       (no amulet)
HPRegen 0.22/turn                (no ring)
MPRegen 0.08/turn                (no ring)

@: no status effects
A: no striking features
a: no special abilities


You escaped.
You visited 1 branch of the dungeon, and saw 1 of its levels.

Inventory:

Armour
 a - a +0 robe (worn)
Jewellery
 e - a +6 ring of intelligence
Scrolls
 c - 2 scrolls of teleportation {unknown}
Potions
 b - a potion of magic
 d - a potion of cancellation {unknown}


   Skills:
 + Level 1.8 Dodging
 + Level 1.8 Stealth
 + Level 2.0 Spellcasting
 + Level 4.6 Necromancy


You had 3 spell levels left.
You knew the following spells:

 Your Spells              Type           Power      Damage    Failure   Level
a - Necrotise             Necr           64%        1d7       3%          1

Your spell library contained the following spells:

 Spells                   Type           Power      Damage    Failure   Level
 Vampiric Draining        Necr           16%        2d7       10%         3
 Animate Dead             Necr           16%        N/A       30%         4
 Agony                    Necr           16%        N/A       65%         5


Dungeon Overview and Level Annotations

Branches:
Dungeon (1/15)

Altars:


Message History

Your kobold skeleton is destroyed!
The jackal attacks as you move away! The jackal barely misses you.
A goblin comes into view. It is wielding a +0 club.
The jackal bites you.
You see here a +6 ring of intelligence.
The jackal writhes in agony.
The jackal closely misses you.
e - a +6 ring of intelligence The jackal barely misses you.
The jackal bites you.
You barely miss the jackal.
The jackal is moderately wounded.
The jackal bites you. Something bites your rat skeleton.
Your rat skeleton completely misses the jackal.
Something bites your rat skeleton. The jackal misses you.
Your rat skeleton bites the jackal.
A bat comes into view.
The jackal barely misses you. The jackal bites your rat skeleton.
Your rat skeleton is destroyed!
The jackal barely misses you. The jackal attacks as you move away!
The jackal misses you.
A rat comes into view.
The jackal attacks as you move away! The jackal bites you. x2
The jackal closely misses you. The jackal attacks as you move away!
The jackal bites you.
A hobgoblin comes into view.
The jackal attacks as you move away! The jackal bites you.
* * * LOW HITPOINT WARNING * * *
The jackal attacks as you move away! The jackal barely misses you.
The jackal closely misses you. The jackal bites you.
* * * LOW HITPOINT WARNING * * *
The jackal bites you but does no damage.
The jackal attacks as you move away! The jackal barely misses you.
There is a staircase leading out of the dungeon here.
Are you sure you want to leave the Dungeon?
This will make you lose the game!
Uppercase [Y]es or [N]o only, please.
Are you sure you want to leave the Dungeon?
This will make you lose the game! The jackal bites you.
* * * LOW HITPOINT WARNING * * *
The jackal barely misses you. x2; The jackal completely misses you.
You have escaped!

###.....####.###.###
##...#..............
##..#...#####.##.....
####..#.#..#####.##...†.
.....#...#..............
#####....[#####.###.....
.#.....rg....#..###.....
..#....hh...#..##.......
..#....@....#..##.......
.#...........#..........
#####.....#####.........
.....#...#..............
####..#.#........###.###
##..#..######## #.#
##...## #.# ##### #.#
...


You could see a gnoll, 2 jackals and a rat.

Vanquished Creatures
  A dart slug (D:1)
  A kobold (D:1)
  A rat (D:1)
3 creatures vanquished.

Notes
Turn   | Place    | Note
-------+----------+-------------------------------------------
     0 | D:1      | tio the Demonspawn Necromancer began the quest for the Orb.
     0 | D:1      | Reached XP level 1. HP: 13/13 MP: 3/3
   101 | D:$      | Got out of the dungeon alive.

Illustrated notes

Levels and vault maps discovered:
D:1:      scummos_arrival_star, layout_basic

Action                   || total
-------------------------++-------
Melee: Unarmed           ||     1
 Cast: Necrotise         ||     7
Armor: Robe              ||     2
Dodge: Dodged            ||    18

Table legend: (Time is in decaauts)
 A = Elapsed time spent in this place.
 B = Non-inter-level travel time spent in this place.
 C = Inter-level travel time spent in this place.
 D = Time resting spent in this place.
 E = Time spent auto-exploring this place.
 F = Levels seen in this place.
 G = Mean time per level.
                   A        B        C        D        E       F      G
               +--------+--------+--------+--------+--------+-----+--------+
         Total |    101 |    101 |      0 |      0 |     56 |   1 |  101.0 |
       Dungeon |    101 |    101 |      0 |      0 |     56 |   1 |  101.0 |
               +--------+--------+--------+--------+--------+-----+--------+

Top non-repeatable levels by time:
     D:1: 101 daAuts
